 Dungeon Crawl Stone Soup version 0.26-a0-651-gb41185065b (webtiles) character file.

Game seed: 7131244610540014874

23 elmdor the Skirmisher (level 2, 0/26 HPs)
             Began as a Palentonga Brigand on Sept 30, 2020.
             Slain by an adder (3 damage)
             ... on level 2 of the Dungeon.
             The game lasted 00:02:09 (1233 turns).

elmdor the Skirmisher (Palentonga Brigand)          Turns: 1233, Time: 00:02:10

Health: 0/26       AC:  5    Str: 14    XL:     2   Next: 75%
Magic:  2/2        EV:  9    Int: 11    God:
Gold:   15         SH:  0    Dex: 11    Spells: 1/1 levels left

rFire    . . .     SeeInvis +   g - +0 mace
rCold    . . .     Faith    .   (no shield)
rNeg     . . .     Spirit   .   b - +0 robe
rPois    .         Reflect  .   (no helmet)
rElec    .         Harm     .   c - +0 cloak
rCorr    .         Rampage  .   (no gloves)
MR       .....                  (no barding)
Stlth    ++........             (no amulet)
HPRegen  0.08/turn              (no ring)
MPRegen  0.08/turn              (no ring)

@: lethally poisoned (0 -> -3), hasted, very quick
A: large, rugged brown scales 3, see invisible, deformed body, roll, armoured
tail
a: Rolling Charge


You were on level 2 of the Dungeon.
You visited 1 branch of the dungeon, and saw 2 of its levels.

You collected 15 gold pieces.

Inventory:

Hand Weapons
 a - a +2 dagger
 g - a +0 mace (weapon)
Missiles
 d - 7 poisoned darts (quivered)
 e - 2 curare-tipped darts
 k - 5 javelins
Armour
 b - a +0 robe (worn)
 c - a +0 cloak (worn)
Scrolls
 i - a scroll of enchant weapon {unknown}
 j - a scroll of magic mapping {unknown}
 l - a scroll of identify {unknown}
Potions
 h - a potion of berserk rage {unknown}


   Skills:
 - Level 2.8 Fighting
 - Level 2.0 Short Blades
 + Level 1.5 Maces & Flails
 - Level 1.3 Throwing
 - Level 0.7 Dodging
 - Level 2.6 Stealth


You had one spell level left.
You didn't know any spells.
Your spell library was empty.

Dungeon Overview and Level Annotations

Branches:
Dungeon (2/15)

Altars:


Innate Abilities, Weirdness & Mutations

You are completely covered in rugged brown scales. (AC +3, +7% HP)
You have supernaturally acute eyesight. (SInv)
Armour fits poorly on your strangely shaped body.
You can roll at foes to attack.
You have a long armoured tail.


Message History

The adder poisons you!
You miss the adder.
The adder is severely wounded.
You feel sick. The adder barely misses you. x2
You closely miss the adder.
Your tail-slap misses the adder.
The adder is severely wounded.
The adder barely misses you.
You closely miss the adder.
The adder is severely wounded.
You feel sick. The adder bites you.
* * * LOW HITPOINT WARNING * * *
The adder barely misses you.
You closely miss the adder.
The adder is severely wounded.
The adder bites you but does no damage. The adder bites you.
* * * LOW HITPOINT WARNING * * *
It was a potion of haste.
You feel yourself speed up.
* * * LOW HITPOINT WARNING * * *
You feel sick. The adder bites you.
You die...

#.........#
##.........#
#..<†......#
#..........#
#..........# .
#####..[...#
....######......#
#...(..#......#
######S@......#
#......#.....##
..######......#
#......# .......#
.......# .......#
.......##


You could see an adder.

Vanquished Creatures
  A worm (D:2)
  A dart slug (D:1)
  A leopard gecko (D:1)
  3 bats (D:1)
  A giant cockroach (D:1)
  3 hobgoblins (D:1)
  A ball python (D:1)
  2 goblins (D:1)
  3 kobolds (D:1)
  2 rats (D:1)
18 creatures vanquished.

Notes
Turn   | Place    | Note
-------+----------+-------------------------------------------
     0 | D:1      | elmdor the Palentonga Brigand began the quest for the Orb.
     0 | D:1      | Reached XP level 1. HP: 18/18 MP: 1/1
   118 | D:1      | Reached XP level 2. HP: 17/26 MP: 2/2
   506 | D:1      | Reached skill level 1 in Maces & Flails
  1233 | D:2      | Slain by an adder

Illustrated notes

Levels and vault maps discovered:
D:1:      lightli_arrival_quake, layout_basic
D:2:      layout_rooms, nicolae_tso_swordbearing_angel

Skill      XL: |  1  2 |
---------------+-------+-----
Maces & Flails | 1 |  1.5
Fighting       | |  2.8
Short Blades   | |  2.0
Throwing       | |  1.3
Dodging        | |  0.7
Stealth        | |  2.6

Action                   || total
-------------------------++-------
Melee: Dagger            ||    17
       Tailslap          ||     5
       Mace              ||    46
Throw: Dart              ||     6
 Abil: Rolling Charge    ||    13
  Use: Potion            ||     1
 Stab: Sleeping          ||     1
Armor: Robe              ||    35
Dodge: Dodged            ||    43

Table legend: (Time is in decaauts)
 A = Elapsed time spent in this place.
 B = Non-inter-level travel time spent in this place.
 C = Inter-level travel time spent in this place.
 D = Time resting spent in this place.
 E = Time spent auto-exploring this place.
 F = Levels seen in this place.
 G = Mean time per level.
                   A        B        C        D        E       F      G
               +--------+--------+--------+--------+--------+-----+--------+
         Total |   1248 |   1203 |     45 |    298 |    706 |   2 |  624.0 |
       Dungeon |   1248 |   1203 |     45 |    298 |    706 |   2 |  624.0 |
               +--------+--------+--------+--------+--------+-----+--------+

Top non-repeatable levels by time:
     D:1: 1161 daAuts
     D:2: 86 daAuts
